[Event "Early-Titled-Tuesday-Blitz-April-23-2024"]
[Site "Chess.com"]
[Date "2024.04.23"]
[Round "2"]
[White "samidescalona2002"]
[Black "DvaHrasta"]
[Result "1-0"]
[WhiteElo "2746"]
[BlackElo "2415"]
[TimeControl "180+1"]
[EndTime "8:18:19 PDT"]
[Termination "samidescalona2002 won on time"]

1. d4 Nf6 2. c4 e6 3. Nf3 Bb4+ 4. Bd2 Be7 5. g3 O-O 6. Bg2 d5 7. O-O c6 8. Qc2 b5 9. c5 a5 10. Bf4 Nfd7 11. e4 dxe4 12. Qxe4 Nf6 13. Qe2 Nd5 14. Bc1 b4 15. Re1 Ba6 16. Qc2 Nd7 17. Nbd2 Bf6 18. Ne4 e5 19. Nxf6+ Qxf6 20. Nxe5 Nxe5 21. Rxe5 Rfe8 22.
Bg5 Qg6 23. Be4 Qh5 24. Be7 Qxe5 25. dxe5 Rxe7 26. f4 g6 27. Re1 Rd8 28. Qa4 Bb5 29.
Qxa5 Red7 30. f5 Ne7 31. f6 Nd5 32. Bf3 Nc7 33. Qb6 Nd5 34. Qa5 Nc7 35. Bg4 Ne6 36.
Bxe6 fxe6 37. Qxb4 Kf7 38. Qf4 Rg8 39. a4 Bd3 40.
Qh6 Ke8 41. Rd1 g5 42. Qh5+ Bg6 43. Qe2 Rd5 44. Rxd5 cxd5 45. Qb5+ Kf8 46. Qb8+ Be8 47. Qc7 1-0

[Event "Early-Titled-Tuesday-Blitz-April-23-2024"]
[Site "Chess.com"]
[Date "2024.04.23"]
[Round "2"]
[White "ninguno46"]
[Black "Sofia_Blokhin"]
[Result "1-0"]
[WhiteElo "2520"]
[BlackElo "2249"]
[TimeControl "180+1"]
[EndTime "8:18:19 PDT"]
[Termination "ninguno46 won by checkmate"]

1. e4 c5 2. Nc3 e6 3. Nge2 a6 4. g3 Nc6 5. Bg2 g6 6. d4 d6 7. dxc5 dxc5 8. Qxd8+ Kxd8 9. Bg5+ f6 10. O-O-O+ Ke8 11. Be3 Nh6 12. h3 Nf7 13. Na4 e5 14. Nxc5 b5 15. Nb3 Be6 16. Nc3 Nd6 17. Nc5 Bf7 18.
b3 a5 19. Bf1 a4 20. Nxb5 axb3 21. Nc7+ Ke7 22. Nxa8 bxa2 23. Kb2 Bg7 24. Nc7 Rb8+ 25. Nb3 Nb4 26. Nd5+ Bxd5 27. Rxd5 Nxd5 28. exd5 Ra8 29. Be2 f5 30. c3 e4 31. Ra1 h6 32. Kc2 g5 33. Bd4 Bxd4 34. Nxd4 f4 35. Nc6+ Kf6 36.
Nb4 e3 37. fxe3 fxg3 38. Bf3 Nf5 39. Kd3 Nh4 40. Ke2 Nf5 41. Rxa2 h5 42. Rxa8 Ke5 43.
Ra6 g4 44. Re6# 1-0

[Event "Early-Titled-Tuesday-Blitz-April-23-2024"]
[Site "Chess.com"]
[Date "2024.04.23"]
[Round "2"]
[White "Nikolakis2014"]
[Black "Kimkibo"]
[Result "1/2-1/2"]
[WhiteElo "2727"]
[BlackElo "2414"]
[TimeControl "180+1"]
[EndTime "8:18:20 PDT"]
[Termination "Game drawn by repetition"]

1. Nf3 Nf6 2. c4 e6 3. g3 d5 4. d4 Bb4+ 5. Bd2 Bxd2+ 6. Qxd2 O-O 7. Bg2 dxc4 8. O-O Nc6 9. Rd1 a6 10. Ne5 Nxe5 11. dxe5 Qxd2 12. Nxd2 Nd5 13. Nxc4 b5 14.
Na5 c5 15. Rac1 c4 16. b3 cxb3 17. axb3 Ra7 18. Nc6 Rc7 19. e4 Nb6 20. f4 g6 21.
Kf2 Bb7 22. Na5 Rfc8 23. Rxc7 Rxc7 24. Ke3 Bc8 25. Rd6 Nd7 26. Rc6 Rxc6 27. Nxc6 Bb7 28. Na5 Ba8 29. Kd4 Kf8 30. Bf1 Ke7 31. h4 Kd8 32. g4 Kc7 33. g5 Kb6 34. b4 Nb8 35. Bh3 Nc6+ 36. Nxc6 Bxc6 37. f5 Bd7 38. f6 a5 39. bxa5+ Kxa5 40. Bf1 Kb6 41. Bd3 Bc6 42. Be2 Bb7 43. h5 Bc6 44. h6 Bb7 45. Bd3 Bc6 46.
Bc2 Bb7 47. Bb3 Bc8 48. Ba2 Bd7 49. Bb3 Bc8 50. Bc2 Bd7 51. Bb3 Kc6 52. Bc2 Kb6 53. Bb3 1/2-1/2

[Event "Early-Titled-Tuesday-Blitz-April-23-2024"]
[Site "Chess.com"]
[Date "2024.04.23"]
[Round "2"]
[White "Bogdan_Bodnar"]
[Black "mokerslag"]
[Result "0-1"]
[WhiteElo "2228"]
[BlackElo "2505"]
[TimeControl "180+1"]
[EndTime "8:18:20 PDT"]
[Termination "mokerslag won by resignation"]

1. c4 Nf6 2. Nc3 e6 3. e4 d5 4. e5 d4 5. exf6 dxc3 6. fxg7 cxd2+ 7. Qxd2 Qxd2+ 8. Bxd2 Bxg7 9. O-O-O Nc6 10. Nf3 e5 11. Bd3 Bg4 12. Be4 O-O-O 13. h3 Bxf3 14. Bxf3 Nd4 15. Bh5 f5 16. Rhe1 c5 17. Bf7 Rhf8 18. Bd5 b5 19. Bg5 Rd7 20. f3 Kc7 21. Be3 Bf6 22.
Bxd4 cxd4 23. b3 Kd6 24. Kc2 Rg7 25. Re2 Rc8 26. Kd3 b4 27. g4 fxg4 28. fxg4 Bg5 29. Ke4 Rf8 30. Rh1 Rg6 31. Kd3 Rgf6 32. Be4 h6 33. Bf5 Rxf5 34. gxf5 Rxf5 35. Re4 Rf2 36. Re2 Rf3+ 37. Ke4 Rf4+ 38. Kd3 Ke6 39. h4 Rf3+ 40.
Ke4 Rf4+ 41. Kd3 Bxh4 42. Reh2 Bg5 43. Ke2 e4 44. Rf2 d3+ 45. Ke1 Bh4 46. Rxh4 Rxh4 47.
Kd2 Ke5 48. Rg2 Kd4 49. Rg8 e3+ 0-1

[Event "Early-Titled-Tuesday-Blitz-April-23-2024"]
[Site "Chess.com"]
[Date "2024.04.23"]
[Round "2"]
[White "Orest_Vovk"]
[Black "GMAkobianSTL"]
[Result "1/2-1/2"]
[WhiteElo "2553"]
[BlackElo "2802"]
[TimeControl "180+1"]
[EndTime "8:18:21 PDT"]
[Termination "Game drawn - insufficient material"]

1. h4 d5 2. h5 e5 3. h6 g6 4.
d4 e4 5. c4 c6 6. Nc3 Nf6 7.
Bg5 Be7 8. e3 O-O 9. Qb3 Nbd7 10. Nh3 Nb6 11. cxd5 Nbxd5 12. Bc4 Be6 13. Bxf6 Bxf6 14.
Bxd5 cxd5 15. Nf4 Bg5 16. Nxe6 fxe6 17. Qxb7 Rf7 18. Qc6 Rf6 19. Qb7 Qf8 20. Qg7+ Qxg7 21. hxg7 Kxg7 22. Rc1 Rf7 23. Nd1 Rb8 24. Rc6 Rb6 25.
Rxb6 axb6 26. Ke2 h5 27. Nc3 h4 28. Na4 Bd8 29. Rc1 Rc7 30. Rxc7+ Bxc7 31. f3 Kf6 32. Nc3 Kf5 33. fxe4+ dxe4 34. d5 Be5 35. dxe6 Kxe6 36. Nxe4 Bxb2 37. Kf3 Kd5 38. Ng5 Kc4 39. Kg4 Kb4 40.
Kxh4 Ka3 41. Ne6 b5 42. Nc7 b4 43. Nd5 Bf6+ 44. Kg4 Bd8 45. e4 Ba5 46. Nxb4 Bxb4 47.
Kg5 Kxa2 48. Kxg6 Kb3 49. e5 Kc4 50. e6 Kd5 51. Kf7 Ke5 52. g4 Kf4 53. e7 Bxe7 54. Kxe7 Kxg4 1/2-1/2

[Event "Early-Titled-Tuesday-Blitz-April-23-2024"]
[Site "Chess.com"]
[Date "2024.04.23"]
[Round "2"]
[White "Fandorine"]
[Black "Russian_berezka"]
[Result "0-1"]
[WhiteElo "2902"]
[BlackElo "2632"]
[TimeControl "180+1"]
[EndTime "8:18:23 PDT"]
[Termination "Russian_berezka won by resignation"]

1. d4 g6 2. e4 Bg7 3. Nc3 d5 4. exd5 Nf6 5. Bc4 O-O 6. Nge2 Nbd7 7. Bb3 Nb6 8. Nf4 h6 9. h4 a5 10. a4 Bf5 11. O-O Ne4 12. Re1 Nd6 13. Be3 Ndc4 14.
Bc1 Qd7 15. Ne4 Bxe4 16. Rxe4 Nd6 17. Re1 Nf5 18. d6 exd6 19. Nxg6 Rfe8 20. Rxe8+ Rxe8 21. c3 d5 22. Nf4 Nxh4 23. Bc2 Nc4 24. b3 Nd6 25. Bd2 Ne4 26. Be1 Qf5 27. g3 Ng6 28.
Nh5 Qh3 29. Nxg7 Kxg7 30. Qf3 Nh4 31. Qh1 Qxh1+ 32. Kxh1 Nf3 33. Kg2 Nxe1+ 34. Rxe1 Re6 35. Bxe4 Rxe4 36. Rxe4 dxe4 37. g4 Kg6 38. Kg3 Kg5 39.
b4 b6 40. bxa5 bxa5 41. c4 f5 42. gxf5 Kxf5 43. d5 Ke5 44. Kg4 Kd4 45. Kf4 h5 46. Kg5 0-1

[Event "Early-Titled-Tuesday-Blitz-April-23-2024"]
[Site "Chess.com"]
[Date "2024.04.23"]
[Round "2"]
[White "kacperkarwowski"]
[Black "NMChessToImpress"]
[Result "1-0"]
[WhiteElo "2499"]
[BlackElo "2220"]
[TimeControl "180+1"]
[EndTime "8:18:23 PDT"]
[Termination "kacperkarwowski won on time"]

1. d4 e6 2. c4 Nf6 3. Nc3 d5 4.
cxd5 exd5 5. Qc2 c6 6. e3 Be7 7.
Bd3 O-O 8. Nge2 Na6 9. a3 Nc7 10.
O-O a5 11. f3 Ne6 12. Bd2 g6 13. Be1 b5 14. Bf2 Bd7 15. e4 dxe4 16. Nxe4 Rc8 17. a4 Ng7 18. Qd2 Nd5 19. axb5 Bb4 20. Qd1 cxb5 21. N2c3 Nxc3 22. bxc3 Bxc3 23. Nxc3 Rxc3 24.
Be1 Rc8 25. Bxa5 Qf6 26. Be4 Bf5 27. Qd3 Rc4 28. Rad1 Qd6 29. Bc3 Ra8 30. d5 Ra3 31. Rc1 Rxe4 32. fxe4 b4 33. exf5 Nxf5 34. Qb1 bxc3 35.
Qd3 c2 36. Rxc2 Nd4 37. Qxa3 Qxa3 38. Rcf2 Kg7 39. Rxf7+ Kh6 40. R7f2 Qe3 41. Kh1 Ne2 42. Rf3 Qe4 43. Rh3+ Kg7 44. Rd1 Nf4 45. Rf3 Nxd5 46. Rdf1 Ne3 47. Rf7+ Kh6 48. Rg1 1-0

[Event "Early-Titled-Tuesday-Blitz-April-23-2024"]
[Site "Chess.com"]
[Date "2024.04.23"]
[Round "2"]
[White "djano"]
[Black "viviania"]
[Result "0-1"]
[WhiteElo "2611"]
[BlackElo "2906"]
[TimeControl "180+1"]
[EndTime "8:18:24 PDT"]
[Termination "viviania won by resignation"]

1. e4 e6 2. b3 d5 3. Bb2 dxe4 4. Nc3 Bd7 5. Qe2 Bc6 6. Nxe4 Nd7 7. Nf3 Bxe4 8. Qxe4 c6 9. O-O-O Ngf6 10. Qf4 a5 11.
a4 Bb4 12. Bd3 Qe7 13. Kb1 O-O-O 14. Ne5 Bd6 15. Rhe1 Nxe5 16. Bxe5 Bxe5 17. Qxe5 Rd5 18. Qg3 g6 19. Bc4 Rf5 20. f3 Rd8 21. Qf2 h5 22. Qa7 Qc5 23. Qxc5 Rxc5 24. Kb2 h4 25. Re2 Rg5 26.
Rde1 Nh5 27. Rf2 Nf4 28. Bf1 f5 29. d3 Kc7 30. Re5 b6 31. Kc1 Kd6 32. Re1 e5 33. Rd2 c5 34. c3 Re8 35. Kc2 Ne6 36. Re3 Nf4 37. Re1 Nd5 38. Ree2 f4 39. Re1 Ne3+ 40. Kb2 Rd8 41. Rf2 Ke6 42. Kc1 Nxf1 43. Rexf1 Rxd3 44. Kc2 Rd5 45. Re1 Kf6 46. Rfe2 h3 47. gxh3 Rh5 48. Rd1 Rxd1 49. Kxd1 Rxh3 50. Rd2 Rxf3 51. Rd6+ Kf5 52. Rxb6 Rxc3 53. Kd2 Rh3 0-1

[Event "Early-Titled-Tuesday-Blitz-April-23-2024"]
[Site "Chess.com"]
[Date "2024.04.23"]
[Round "2"]
[White "Caracal3000"]
[Black "KnightDuta"]
[Result "0-1"]
[WhiteElo "2480"]
[BlackElo "2772"]
[TimeControl "180+1"]
[EndTime "8:18:25 PDT"]
[Termination "KnightDuta won on time"]

1. e4 d5 2. exd5 Nf6 3. d4 Nxd5 4. c4 Nb6 5. Nf3 Bg4 6. Be2 e6 7. O-O Nc6 8. c5 Nd5 9. Nc3 Be7 10. h3 Bh5 11.
Be3 O-O 12. Re1 a6 13. a3 b5 14. Ne5 Bxe2 15. Qxe2 Nxe5 16. dxe5 Nxc3 17. bxc3 Qd5 18. Rad1 Qc6 19. Qg4 Rfd8 20. Bh6 g6 21. Bg5 Qxc5 22.
Qh4 Bxg5 23. Qxg5 Rxd1 24. Rxd1 Qxa3 25. Rd8+ Rxd8 26. Qxd8+ Qf8 27. Qxc7 Qa8 28. Qa5 h5 29. h4 Qc8 30. g3 Kg7 31. Qb4 Qc4 32. Qe7 Qxc3 33.
Qf6+ Kg8 34. Qd8+ Kh7 35. Qd7 Qf3 36. Qa7 b4 37. Qxa6 b3 38. Qb6 Qc3 39. Qb7 Kg7 40. Kh2 b2 41. Kg2 Qc2 42. Kh2 b1=Q 0-1

[Event "Early-Titled-Tuesday-Blitz-April-23-2024"]
[Site "Chess.com"]
[Date "2024.04.23"]
[Round "2"]
[White "Navyblue1"]
[Black "noblerone"]
[Result "0-1"]
[WhiteElo "2233"]
[BlackElo "2509"]
[TimeControl "180+1"]
[EndTime "8:18:25 PDT"]
[Termination "noblerone won by resignation"]

1. d4 d5 2. c4 e6 3. Nc3 Nf6 4. cxd5 exd5 5. Bg5 Be7 6. e3 h6 7. Bh4 c6 8. Bd3 O-O 9. Qc2 Re8 10. Nge2 Nbd7 11.
O-O Ne4 12. Bxe7 Qxe7 13. Rae1 Ndf6 14. f3 Nxc3 15. Nxc3 Qd6 16. Qf2 c5 17. dxc5 Qxc5 18.
Re2 Be6 19. Rd1 a6 20. Rc2 Qa5 21. a3 d4 22. exd4 Bb3 23. Rcd2 Bxd1 24. Rxd1 Rad8 25. Be4 Qb6 26. d5 Qxf2+ 27. Kxf2 b5 28. Rd4 Rd6 29. a4 b4 30. Rxb4 Red8 31. Rd4 a5 32. Nb5 Rb6 33.
Ke3 Kf8 34. h4 Nd7 35. Rc4 Ne5 36. Rc2 g6 37. g4 Nd7 38. Kd4 Nf6 39. Rc7 Ra6 40.
Rb7 Ne8 41. Ke5 g5 42. hxg5 hxg5 43. Kf5 Nd6+ 44. Nxd6 Rdxd6 45. Kxg5 Rh6 46. b4 axb4 47.
Rxb4 Rh2 48. Kf5 Ke7 49. Ke5 f6+ 50. Kf5 Kd6 51. Kxf6 Kc5+ 52. Ke5 Kxb4 53. d6 Rd2 54. Bd5 Kc5 55. d7 Rxd5+ 56. Ke4 Rxd7 0-1

[Event "Early-Titled-Tuesday-Blitz-April-23-2024"]
[Site "Chess.com"]
[Date "2024.04.23"]
[Round "2"]
[White "ViIIagra"]
[Black "TokChess"]
[Result "1-0"]
[WhiteElo "2927"]
[BlackElo "2619"]
[TimeControl "180+1"]
[EndTime "8:18:26 PDT"]
[Termination "ViIIagra won by resignation"]

1. g3 e5 2. Bg2 Nc6 3. d3 Bc5 4. Nf3 d6 5. O-O a6 6. c4 Nf6 7. Nc3 h6 8. b3 O-O 9. Bb2 Re8 10.
e3 Bg4 11. a3 Ba7 12. h3 Bh5 13. g4 Bg6 14. Nh4 Bh7 15. Nf5 Bxf5 16. gxf5 Rb8 17.
Qf3 Nh7 18. Nd5 Ne7 19. Kh2 Nxd5 20. cxd5 Qh4 21. Qg4 Qxg4 22. hxg4 Nf6 23. Kg3 Rec8 24. Rac1 c6 25. Rc2 cxd5 26. Rfc1 Rxc2 27. Rxc2 Bb6 28.
a4 Kf8 29. b4 Ke7 30. f4 exf4+ 31. Kxf4 Kd7 32. Bxf6 gxf6 33. Bxd5 Ke7 34. d4 a5 35. b5 Kf8 36. Rc3 Kg7 37. Bf3 Kf8 38. Bg2 Ke7 39.
Ke4 Kd7 40. Kd3 Rc8 41. Bxb7 Rxc3+ 42. Kxc3 Ke7 43. Kc4 Kd7 44. Bc6+ Ke7 45. Kd5 Bc7 46. Kc4 Bb6 47. Be4 Bc7 48. Bc2 Kd7 49. Kd5 Bb6 50. Bb3 Ke7 51. Kc6 1-0

[Event "Early-Titled-Tuesday-Blitz-April-23-2024"]
[Site "Chess.com"]
[Date "2024.04.23"]
[Round "2"]
[White "baki83"]
[Black "andriipalchuk"]
[Result "1-0"]
[WhiteElo "2912"]
[BlackElo "2613"]
[TimeControl "180+1"]
[EndTime "8:18:26 PDT"]
[Termination "baki83 won on time"]

1. e4 c6 2. Nf3 d5 3. Nc3 dxe4 4. Nxe4 Nf6 5. Qe2 Nxe4 6. Qxe4 Qd5 7. Qh4 Qe6+ 8. Be2 Qg4 9. Qg3 Qxg3 10. hxg3 g6 11. d4 Nd7 12. Bf4 Bg7 13. O-O-O Nf6 14. Ne5 Be6 15.
a3 Ne4 16. Be3 Nd6 17. g4 O-O-O 18. f4 Kc7 19. Bf3 Bd5 20. Bxd5 cxd5 21. Bd2 Bxe5 22. dxe5 Ne4 23. Rh6 Nf2 24. Re1 Nxg4 25. Rh3 h5 26. e6 f6 27. Bb4 Rhe8 28. f5 gxf5 29. Rxh5 b6 30. Rh7 Kc6 31. Bxe7 Rc8 32. Bb4 Rc7 33.
Rh5 Ne5 34. Rxf5 Rxe6 35. Kd1 Rg7 36. Rf2 d4 37. Bf8 Rg6 38. a4 Kd5 39. b3 Ng4 40. Rd2 Ne3+ 41. Kc1 Rxg2 42. c4+ Ke4 43. Rxg2 f5 44.
Rd2 f4 45. Bh6 f3 46. Rf2 1-0

[Event "Early-Titled-Tuesday-Blitz-April-23-2024"]
[Site "Chess.com"]
[Date "2024.04.23"]
[Round "2"]
[White "RamonManon0g"]
[Black "The_Machine04"]
[Result "0-1"]
[WhiteElo "2450"]
[BlackElo "2753"]
[TimeControl "180+1"]
[EndTime "8:18:26 PDT"]
[Termination "The_Machine04 won by resignation"]

1. e4 d6 2. d4 Nf6 3. Nc3 e5 4. dxe5 dxe5 5. Qxd8+ Kxd8 6. Bg5 Be6 7. Nf3 Nd7 8. O-O-O Bd6 9. Nb5 Ke7 10. Nd2 a6 11. Nxd6 cxd6 12. Nc4 Bxc4 13. Bxc4 h6 14. Bxf6+ Nxf6 15.
Bd5 Rab8 16. f3 Rhc8 17. Rd3 Rc5 18. Rhd1 b5 19. b4 Rc7 20. Kb2 Rb6 21. c3 Nh5 22. g3 Nf6 23. f4 Nd7 24. Kb3 Nf6 25. R1d2 Rb8 26. fxe5 dxe5 27. a4 Rbc8 28. axb5 axb5 29. Ra2 Rd7 30. Ra5 Rb8 31. Ra6 Ne8 32. Rf3 f6 33. Re6+ Kd8 34. Rd3 Nc7 35. Rc6 Ke7 36. Rc5 Rb6 37. c4 Na6 38. Rc8 bxc4+ 39. Kxc4 Rxb4+ 40.
Kc3 Rb8 41. Rc6 Nb4 42. Re6+ Kf8 43. Rd1 Nxd5+ 44. exd5 Rc8+ 45. Kb4 Rb7+ 46. Ka5 Ra8+ 47. Ra6 Rxa6+ 48. Kxa6 Rb2 49. d6 Ke8 50. d7+ Kd8 51.
Ka7 Rb4 52. Ka6 Rd4 53. Rb1 Rxd7 54. Rb8+ Ke7 55. Rg8 Kf7 56. Rb8 Rc7 57. Kb5 Rc2 58. Ka4 Rxh2 0-1

[Event "Early-Titled-Tuesday-Blitz-April-23-2024"]
[Site "Chess.com"]
[Date "2024.04.23"]
[Round "2"]
[White "EliteChess0967"]
[Black "czechbul17"]
[Result "0-1"]
[WhiteElo "2441"]
[BlackElo "2034"]
[TimeControl "180+1"]
[EndTime "8:18:26 PDT"]
[Termination "czechbul17 won by checkmate"]

1. Nf3 d6 2. c4 e5 3. d3 g6 4. Nc3 Bg7 5. g3 Nd7 6. Bg2 Ne7 7. O-O O-O 8. Bd2 h6 9. Rb1 f5 10. b4 g5 11. Ne1 Ng6 12. Nc2 Rb8 13. e3 Nf6 14. d4 e4 15. f3 exf3 16. Qxf3 Re8 17.
Rbe1 Ne4 18. Nxe4 Rxe4 19. Qf2 Re8 20. b5 Be6 21. d5 Bd7 22. Nd4 Ne5 23. Qe2 f4 24.
gxf4 Bg4 25. Qf2 Nd3 26. Qg3 Nxe1 27. Qxg4 Bxd4 28. Rxe1 Bg7 29. e4 gxf4 30. Bc3 Qe7 31.
e5 dxe5 32. Be4 Qg5 33. Qxg5 hxg5 34. c5 b6 35. c6 Rbd8 36. Kf2 Kf7 37. Rg1 Bf6 38.
h4 Rg8 39. h5 g4 40. Bg6+ Rxg6 41. hxg6+ Kxg6 42. Rxg4+ Kf5 43. Rg1 Rxd5 44. a4 e4 45. Rh1 Bxc3 46. Rh5+ Kg4 47. Rh7 Rd2+ 48. Kf1 Kf3 49. Rh3+ Kg4 50. Rh7 e3 51. Rxc7 Kf3 52. Kg1 Rd1+ 53. Kh2 e2 54. Re7 e1=Q 55. Rxe1 Rxe1 56.
c7 Re8 57. Kh3 Rh8# 0-1

[Event "Early-Titled-Tuesday-Blitz-April-23-2024"]
[Site "Chess.com"]
[Date "2024.04.23"]
[Round "2"]
[White "vladgoncharov"]
[Black "H3nriqueTV"]
[Result "0-1"]
[WhiteElo "2601"]
[BlackElo "2305"]
[TimeControl "180+1"]
[EndTime "8:18:28 PDT"]
[Termination "H3nriqueTV won on time"]

1. d4 Nf6 2. c4 g6 3. Nc3 d5 4. cxd5 Nxd5 5. e4 Nxc3 6. bxc3 Bg7 7. Bc4 c5 8. Ne2 Nc6 9. Be3 O-O 10. O-O cxd4 11. cxd4 Na5 12. Bd3 a6 13. Qd2 b5 14.
Bh6 Bb7 15. Bxg7 Kxg7 16. Rac1 Rc8 17. Rxc8 Bxc8 18. Rc1 Bb7 19. Qc3 Kg8 20. Qc7 e6 21. Qxd8 Rxd8 22. Rc7 Rc8 23. Rxc8+ Bxc8 24. f3 Bb7 25.
Kf2 Kf8 26. Ke3 Ke7 27. h4 Kd6 28. a3 Nc6 29. f4 Ne7 30. g4 f5 31. gxf5 gxf5 32.
Ng3 fxe4 33. Nxe4+ Bxe4 34. Bxe4 Nf5+ 35. Kd3 h6 36. h5 a5 37. Bf3 Ne7 38. Kc3 Nd5+ 39.
Kb3 Nxf4 40. Kc3 Nd5+ 41. Kd3 Ne7 42. Kc3 e5 43. dxe5+ Kxe5 44. Kd3 Nd5 45. Bd1 Nf4+ 46. Ke3 Ne6 47. Be2 Nd4 48. Bd3 b4 49. axb4 axb4 50. Kd2 Kd5 51. Bg6 Kc5 52. Kd3 Ne6 0-1

[Event "Early-Titled-Tuesday-Blitz-April-23-2024"]
[Site "Chess.com"]
[Date "2024.04.23"]
[Round "2"]
[White "Airquake"]
[Black "shimastream"]
[Result "1-0"]
[WhiteElo "2666"]
[BlackElo "3041"]
[TimeControl "180+1"]
[EndTime "8:18:29 PDT"]
[Termination "Airquake won on time"]

1. b3 e5 2. Bb2 Nc6 3. e3 Nge7 4. c4 d5 5. cxd5 Nxd5 6. Bc4 Be6 7. Ne2 Qd7 8. O-O O-O-O 9. d4 e4 10. Nbc3 f5 11. Nxd5 Bxd5 12. Nf4 Bxc4 13. bxc4 Bd6 14.
d5 Bxf4 15. exf4 Nb4 16. Qd4 b6 17. Qxg7 Rhg8 18. Qxd7+ Rxd7 19. g3 Nd3 20. Bc3 Nxf4 21. Kh1 Nd3 22. Rad1 Rg6 23. f3 c6 24. fxe4 fxe4 25. Rf8+ Kb7 26. Rdf1 cxd5 27. cxd5 Rgd6 28.
Re8 Rxd5 29. Rxe4 Rc5 30. Bf6 Rc2 31. Re7 Kc6 32. Rxd7 Kxd7 33. Rd1 Rc1 34. Rxc1 Nxc1 35. a3 b5 36. Kg2 Ke6 37. Bd4 a5 38. Bc3 a4 39.
Kf3 Nd3 40. Ke3 Nc5 41. Bb4 Na6 42. Bf8 Kd5 43. Kd3 Nc7 44. g4 Ne6 45. Bb4 Nf4+ 46.
Ke3 Ne6 47. h4 Ke5 48. Bc3+ Kd5 49. g5 Kc4 50. Bf6 Kb3 51. h5 Kxa3 52. g6 hxg6 53. h6 Nf8 54. Be7+ 1-0

[Event "Early-Titled-Tuesday-Blitz-April-23-2024"]
[Site "Chess.com"]
[Date "2024.04.23"]
[Round "2"]
[White "h4parah5"]
[Black "SashaKuzhilniy"]
[Result "1-0"]
[WhiteElo "3033"]
[BlackElo "2643"]
[TimeControl "180+1"]
[EndTime "8:18:30 PDT"]
[Termination "h4parah5 won by resignation"]

1. Nf3 d5 2. b3 Nf6 3. Bb2 Bf5 4. Nh4 Bg4 5. h3 Bh5 6. g4 Bg6 7. e3 e6 8. Nxg6 hxg6 9. Bg2 c6 10. Qe2 Bd6 11. d3 Nbd7 12. Nd2 Qa5 13. a3 O-O-O 14. c4 Kb8 15. b4 Qa4 16. g5 Ne8 17. Qd1 Qxd1+ 18.
Rxd1 Be5 19. d4 Bc7 20. c5 e5 21. h4 exd4 22. exd4 Bf4 23. Nf3 Nc7 24. Bh3 f5 25.
gxf6 Nxf6 26. Rg1 Rde8+ 27. Kf1 Rh6 28. Rd3 Ne4 29. Rg4 Rf8 30. Kg2 Ne6 31. Rd1 Bc7 32.
Bc1 Nf4+ 33. Bxf4 Rxf4 34. Re1 Rxg4+ 35. Bxg4 Bf4 36. Rh1 Kc7 37. Ng1 g5 38. Ne2 Kd8 39. Nxf4 gxf4 40. Kf3 Rf6 41. h5 Nd2+ 42. Ke2 Ne4 43.
Rh3 Ng5 44. Rh4 f3+ 45. Ke3 Ne4 46. Bxf3 Nd2 47. Be2 Nb1 48. f4 Nxa3 49. Bd3 b5 50.
Rg4 Rf7 51. Rg6 Re7+ 52. Kd2 Nc4+ 53. Bxc4 bxc4 54. Rxc6 Re4 55. Rd6+ Kc7 56. Rxd5 Rxf4 57. Kc3 Kc6 58. Kxc4 1-0

[Event "Early-Titled-Tuesday-Blitz-April-23-2024"]
[Site "Chess.com"]
[Date "2024.04.23"]
[Round "2"]
[White "OparinGrigoriy"]
[Black "ravengelic"]
[Result "1-0"]
[WhiteElo "2984"]
[BlackElo "2640"]
[TimeControl "180+1"]
[EndTime "8:18:30 PDT"]
[Termination "OparinGrigoriy won by resignation"]

1. Nc3 Nf6 2. Nf3 d5 3. d4 c6 4. Bf4 Bf5 5. e3 e6 6. Bd3 Bg6 7. Ne5 Bxd3 8. cxd3 Nbd7 9. Qb3 Qb6 10. h3 Nxe5 11. dxe5 Nd7 12. Qc2 Qa6 13. O-O Be7 14.
Bh2 O-O 15. e4 Bb4 16. Ne2 dxe4 17. dxe4 Rfd8 18. a3 Be7 19. Rad1 Nc5 20. Nf4 Qa4 21. Qe2 Qxe4 22. Qg4 Qf5 23. Qe2 Qe4 24. Qg4 Qf5 25.
Qf3 Qe4 26. Qc3 Na4 27. Qb3 Nc5 28. Qc3 Na4 29. Rxd8+ Rxd8 30. Qa5 a6 31. Qc7 Bg5 32. Nh5 Nxb2 33. Nf6+ Bxf6 34. exf6 Qd5 35. Qxb7 Nd1 36. fxg7 Nc3 37. Qxa6 Qb5 38. Qxb5 cxb5 39. Be5 Nd5 40. Rb1 f6 41. Bd4 e5 42. Bc5 Nc3 43. Rb3 Rd3 44. Kh2 e4 45. Bf8 h5 46. h4 f5 47. g3 Rf3 48.
Kg2 Kf7 49. Bd6 Nd1 50. Rxf3 exf3+ 51. Kxf3 Nb2 52. Kf4 Nc4 53. Bf8 Nxa3 54. Bxa3 Kxg7 55. Kxf5 1-0

[Event "Early-Titled-Tuesday-Blitz-April-23-2024"]
[Site "Chess.com"]
[Date "2024.04.23"]
[Round "2"]
[White "KononenkoD"]
[Black "rezamahdavi2008"]
[Result "0-1"]
[WhiteElo "2612"]
[BlackElo "2911"]
[TimeControl "180+1"]
[EndTime "8:18:30 PDT"]
[Termination "rezamahdavi2008 won on time"]

1. d4 Nf6 2. c4 e6 3. g3 d5 4. Nf3 dxc4 5. Bg2 Nc6 6. Qa4 Bb4+ 7.
Bd2 Nd5 8. Qb5 Bxd2+ 9. Nbxd2 c3 10. bxc3 Nxc3 11. Qd3 Nd5 12. O-O O-O 13. e4 Nf6 14. Rac1 Qe7 15. Rfd1 Rd8 16. Qc3 Bd7 17. Ne5 Be8 18. Nb3 Rac8 19. Nxc6 Bxc6 20. Nc5 Nd7 21. d5 Nxc5 22. Qxc5 Qxc5 23. Rxc5 Ba4 24. Rdc1 c6 25. Ra5 Bb5 26. dxe6 a6 27. exf7+ Kxf7 28. f4 Rd2 29. Ra3 Rcd8 30. Bf1 Bxf1 31. Rxf1 R8d4 32.
e5 Rb4 33. Rf2 Rbb2 34. Rxd2 Rxd2 35. Rb3 b5 36. Ra3 Ke6 37. Rxa6 Kd5 38. Ra7 Ke4 39.
Rxg7 Kf3 40. h4 c5 41. e6 c4 42. f5 c3 43. Rc7 b4 44. f6 Kxg3 45. Kf1 Rf2+ 46. Ke1 Rxf6 47. e7 Re6+ 48. Kd1 Kxh4 49. Kc2 h5 50. Rc4+ Kg3 51. Rxb4 Rxe7 52. Kxc3 h4 53. a4 h3 54. Rb8 Re4 55. a5 h2 56.
Rb1 Ra4 57. Kd3 Rxa5 58. Ke3 Ra3+ 59. Ke4 Ra2 0-1

[Event "Early-Titled-Tuesday-Blitz-April-23-2024"]
[Site "Chess.com"]
[Date "2024.04.23"]
[Round "2"]
[White "Artem_Koval"]
[Black "JSPrepz"]
[Result "0-1"]
[WhiteElo "2538"]
[BlackElo "2806"]
[TimeControl "180+1"]
[EndTime "8:18:30 PDT"]
[Termination "JSPrepz won by checkmate"]

1. d4 Nf6 2. Nf3 c5 3. d5 b5 4. c4 g6 5. cxb5 a6 6. bxa6 Bg7 7. Nc3 O-O 8. e4 Qa5 9. Bd2 Bxa6 10. Bxa6 Qxa6 11. Qe2 e6 12. dxe6 fxe6 13. Qxa6 Nxa6 14.
Be3 d5 15. Bg5 Nxe4 16. Nxe4 dxe4 17. Nd2 Bxb2 18. Rb1 Bd4 19. Nxe4 Nb4 20. O-O Rxa2 21. Be7 Rf4 22. Bxc5 Rxe4 23. Rxb4 e5 24. g3 Kg7 25. Rd1 Bxf2+ 26. Kh1 Rxb4 27. Bxb4 Bd4 28. Rf1 h5 29.
Bf8+ Kg8 30. Bh6 Re2 31. Bg5 e4 32. Rd1 Bf2 33. Rb1 Kf7 34. Rc1 Ke6 35. Rc6+ Kf5 36. Bf4 Kg4 37. Rxg6+ Kf3 38. h3 Re1+ 39. Kh2 Bg1+ 40.
Kh1 Bd4+ 41. Kh2 Bg1+ 42. Kh1 e3 43. Re6 h4 44. gxh4 Bf2+ 45. Kh2 Kxf4 46. h5 Kf3 47. h6 Bg3# 0-1

[Event "Early-Titled-Tuesday-Blitz-April-23-2024"]
[Site "Chess.com"]
[Date "2024.04.23"]
[Round "2"]
[White "stollenmonster"]
[Black "Kyrko_Gamba"]
[Result "1-0"]
[WhiteElo "2933"]
[BlackElo "2444"]
[TimeControl "180+1"]
[EndTime "8:18:30 PDT"]
[Termination "stollenmonster won on time"]

1. e4 c6 2. d4 d5 3. e5 c5 4. c4 Nc6 5. Nf3 e6 6. Nc3 cxd4 7. Nxd4 Bb4 8. Nxc6 bxc6 9. Qa4 a5 10.
a3 Bxc3+ 11. bxc3 Ne7 12. Be3 O-O 13. Bc5 Re8 14. Bd3 dxc4 15. Bxc4 Ng6 16. Bd6 Bd7 17. O-O Qg5 18. Be2 Nh4 19. g3 Nf5 20. f4 Qg6 21. Bd3 Qh5 22. Bc5 Nh6 23. Qe4 g6 24. Kg2 Rab8 25. Rab1 Nf5 26. h3 Qh6 27. g4 Qg7 28. Kh2 Nh6 29. Bd6 Rb5 30. c4 Rxb1 31.
Rxb1 Rc8 32. Rb7 Be8 33. Be7 c5 34. Qe3 Bc6 35. Ra7 Nxg4+ 36. hxg4 Qh6+ 37. Kg3 Qh1 38. Qf2 Qd1 39. Be2 Qb3+ 40. Kh4 Rb8 41. Rc7 Be8 42. Rxc5 Qb1 43. Kg5 Qh1 44. Qh4 Qe4 45. Qh6 f6+ 46.
Kxf6 1-0

[Event "Early-Titled-Tuesday-Blitz-April-23-2024"]
[Site "Chess.com"]
[Date "2024.04.23"]
[Round "2"]
[White "Nechitaylo_Nikita"]
[Black "RodTwinkz"]
[Result "1-0"]
[WhiteElo "2328"]
[BlackElo "2677"]
[TimeControl "180+1"]
[EndTime "8:18:31 PDT"]
[Termination "Nechitaylo_Nikita won by resignation"]

1. d4 Nf6 2. c4 g6 3. f3 c5 4. d5 Bg7 5. e4 O-O 6. Nc3 e6 7. Nge2 a6 8. a4 exd5 9. cxd5 d6 10. Ng3 Nbd7 11. Be3 Re8 12. Be2 Rb8 13. O-O h5 14.
h4 Nh7 15. Bf2 Bf6 16. f4 Bxh4 17. e5 dxe5 18. f5 Ndf6 19. fxg6 fxg6 20. Qc2 Kg7 21. Bd3 Nf8 22. Nf5+ gxf5 23. Bxh4 e4 24. Nxe4 N8h7 25. Nxf6 Nxf6 26. Bxf5 Rf8 27. Qd2 Bxf5 28. Rxf5 Qe8 29. Raf1 Qg6 30. Rxf6 Rxf6 31. Rxf6 Qg4 32. Qg5+ Qxg5 33.
Bxg5 Rd8 34. Rg6+ Kxg6 35. Bxd8 b5 36. axb5 axb5 37. Be7 c4 38. Kf2 Kf5 39. d6 Ke6 40. Ke3 h4 41. Kd4 Kd7 42. Kc3 Kc6 43. Kb4 Kd7 44.
Kxb5 1-0